 Dungeon Crawl Stone Soup version 0.30-a0-777-ga9a30cbeda (webtiles) character file.

Game seed: 1008363813766089425

11610 themarg the Zephyrmancer (level 11, -6/75 HPs)
             Began as an Octopode Venom Mage on Feb 13, 2023.
             Was an Elder of Sif Muna.
             Mangled by a slime creature (11 damage)
             ... on level 10 of the Dungeon.
             The game lasted 01:10:58 (16208 turns).

themarg the Zephyrmancer (Octopode Venom Mage)     Turns: 16208, Time: 01:10:59

Health: -6/75      AC:  7    Str:  7    XL:     11   Next: 80%
Magic:  0/21       EV: 16    Int: 25    God:    Sif Muna [****..]
Gold:   123        SH:  0    Dex: 13    Spells: 4/24 levels left

rFire   . . .      SeeInvis .    a - +1 dagger (elec)
rCold   . . .      Faith    .    (no shield)
rNeg    . . .      Spirit   +    J - +2 hat
rPois   .          Reflect  .    P - amulet "Xoror" {Spirit Regen+ Int+3 Stlth+}
rElec   .          Harm     .    m - +4 ring of protection
rCorr   .          Rampage  .    (no ring)
Will    .....                    (no ring)
Stlth   +++++                    (no ring)
HPRegen 1.12/turn                (no ring)
MPRegen 0.17/turn                (no ring)
                                 (no ring)
                                 (no ring)

@: about to teleport, very slightly contaminated, studying Summonings
A: almost no armour, amphibious, 8 rings, camouflage 1, gelatinous body 1,
(nimble swimmer 1), tentacles
a: Renounce Religion, Channel Magic, Forget Spell, Divine Exegesis


You were on level 10 of the Dungeon.
You worshipped Sif Muna.
Sif Muna was greatly pleased with you.
You visited 1 branch of the dungeon, and saw 11 of its levels.
You also visited: Sewer and Bailey.

You collected 644 gold pieces.
You spent 521 gold pieces at shops.

Inventory:

Hand Weapons
 a - a +1 dagger of electrocution (weapon)
 I - a +0 short sword of draining
 N - a +2 dagger of venom
Missiles
 h - 91 stones
 q - 2 throwing nets
 s - 35 poisoned darts
 v - 7 boomerangs
 K - 4 atropa-tipped darts
Armour
 J - a +2 hat (worn)
Magical Staves
 b - a staff of air
 H - a staff of earth
Jewellery
 m - a +4 ring of protection (left tentacle)
 o - a ring of fire
 P - the amulet "Xoror" (around mantle) {Spirit Regen+ Int+3 Stlth+}
   (You bought it in a shop on level 9 of the Dungeon)

   [amulet of guardian spirit]

   It causes incoming damage to be divided between your reserves of health and
   magic.
   Int:       It affects your intelligence (+3).
   Regen:     It increases your rate of health regeneration.
   Stlth:     It makes you more stealthy.
Wands
 t - a wand of roots (4)
 D - a wand of flame (2) (quivered)
 Q - a wand of quicksilver (2)
Scrolls
 c - a scroll of immolation
 f - a scroll of enchant weapon {unknown}
 j - a scroll of acquirement {unknown}
 k - 3 scrolls of fear
 l - a scroll of noise {unknown}
 p - 2 scrolls of teleportation
 u - 5 scrolls of blinking {unknown}
 y - a scroll of brand weapon {unknown}
 E - 2 scrolls of vulnerability {unknown}
 F - a scroll of torment {unknown}
 L - a scroll of fog {unknown}
 O - 2 scrolls of enchant armour {unknown}
 R - a scroll of poison {unknown}
Potions
 d - 2 potions of flight
 e - 6 potions of curing
 g - 2 potions of mutation
 i - 2 potions of attraction
 n - a potion of haste
 r - 4 potions of magic
 w - 2 potions of berserk rage {unknown}
 x - 2 potions of invisibility
 z - 3 potions of brilliance
 A - 3 potions of might
 B - 2 potions of heal wounds
 C - a potion of degeneration {unknown}
 G - a potion of resistance {unknown}
 M - 2 potions of lignification {unknown}


   Skills:
 - Level 7.0 Fighting
 - Level 2.0 Short Blades
 - Level 7.0 Dodging
 - Level 5.0 Stealth
 - Level 7.0 Spellcasting
 - Level 7.0 Conjurations
 - Level 2.0 Transmutations
 + Level 8.7 Air Magic
 - Level 7.0 Poison Magic
 - Level 5.0 Invocations
 - Level 2.0 Evocations


You had 4 spell levels left.
You knew the following spells:

 Your Spells              Type           Power      Damage    Failure   Level
a - Sting                 Tmut/Pois      100%       1d8       1%          1
b - Poisonous Vapours     Pois/Air       96%        N/A       1%          2
c - Mephitic Cloud        Conj/Pois/Air  46%        N/A       1%          3
d - Olgreb's Toxic Radia  Pois           43%        N/A       3%          4
e - Arcjolt               Conj/Air       24%        1d34      8%          5
f - Lightning Bolt        Conj/Air       24%        1d39      8%          5

Your spell library contained the following spells:

 Spells                   Type           Power      Damage    Failure   Level
 Magic Dart               Conj           100%       1d8       1%          1
 Static Discharge         Conj/Air       96%        2-6/arc   1%          2
 Vhi's Electric Charge    Tloc/Air       60%        N/A       3%          3
 Call Imp                 Summ           8%         N/A       10%         2


Dungeon Overview and Level Annotations

Branches:
Dungeon (11/15)            Temple (0/1) D:4             Orc (0/2) D:9
  Sewer (visited)          Bailey (visited)
   Lair: D:8-11

Altars:
Ashenzari
Cheibriados
Elyvilon
Fedhas
Gozag
Hepliaklqana
Kikubaaqudgha
Makhleb
Nemelex Xobeh
Sif Muna
Trog
Wu Jian
Yredelemnul
The Shining One

Shops:
D:3 :   D:5 :   D:7 *   D:9 =

Annotations:
D:5 3 runed translucent doors, exclusion: 3 doors, SpyderV's ghost, novice MiFi


Innate Abilities, Weirdness & Mutations

You cannot wear most types of armour.
You are amphibious.
You can wear up to eight rings at the same time.
Your skin changes colour to match your surroundings (Stealth+).
Your rubbery body absorbs attacks. (AC +1, EV +1)
((You are camouflaged when in or above water. (Stealth+)))
You have tentacles for arms and can constrict up to eight enemies at once.


Message History

You climb upwards.
There is a stone staircase leading down, spattered with blood here.
Things that are here:
a +0 plate armour; a +0 long sword; a +0 spear You start resting.
HP restored.
You start resting.
Magic restored.
You climb downwards.
The very large slime creature barely misses you.
The very large slime creature hits you but does no damage.
There is a stone staircase leading up here.
Electricity surges outward!
The very large slime creature is moderately wounded.
The very large slime creature hits you!!!
Ouch! That really hurt!
You miscast Arcjolt.
You are very lightly contaminated with residual magic.
You are caught in an explosion of electrical discharges!
* * * LOW HITPOINT WARNING * * *
The very large slime creature misses you.
You don't have enough magic to cast this spell.
Okay, then.
Aiming: Fastroot
Press: ? - help, Shift-Dir - straight line, f - you The roots erupt in riotous growth!
The very large slime creature is unaffected.
The very large slime creature hits you!!
* * * LOW HITPOINT WARNING * * *
Okay, then.
As you read the scroll labelled WENLOE TEZESUM, it crumbles to dust.
The creatures around you are filled with an inner flame!
It was a scroll of immolation.
A very large slime creature splits.
The slime creature attacks as you move away!
The slime creature hits you!
* * * LOW HITPOINT WARNING * * *
As you read the scroll of teleportation, it crumbles to dust.
You feel strangely unstable.
A large slime creature splits.
The slime creature hits you!
You die...

#....#######......#...........
####....#..............##########
#.......#.#####......### ##.....
##......#.# #......######..##..
###.......# ####..###......##..
#.......#### ##....<...#.....#..
..###......####..#..####.........
### #.#......>...J..# #.........
# #.......†...@J<.####.........
### #.##.........J#[.##.......###
..###.##.#........##[...#.....##
#.##..##..#.........[..........##
#.##.####.#........#..#######...#
#....# #..#..........#.....#...#
###..# ##.........#..#.....#.#..
# #..## ###..........#.._..'.###
# #...######..........#.....#.# #


You could see 3 slime creatures.

Vanquished Creatures
  3 two-headed ogres
  Pikel (D:4)
  An orc knight (Bailey)
  2 hornets
  Grinder (Sewer)
  A shadow (D:11)
  Sigmund (D:4)
  10 yaks
  A wyvern (D:9)
  A wraith (D:10)
  Grum (D:10)
  3 steam dragons
  An acid dragon (D:9)
  A sky beast (D:7)
  11 orc warriors
  An ice beast (D:7)
  A black bear (D:7)
  An ogre (D:6)
  3 wolves (D:10)
  6 centaurs
  4 lemures (D:4)
  2 phantoms (D:5)
  3 kobold brigands
  5 bullfrogs
  4 necrophages
  4 scorpions
  16 wights
  11 killer bees
  A howler monkey (D:5)
  2 quasits (Sewer)
  3 hounds
  3 jellies
  4 orc priests
  6 iguanas
  7 orc wizards
  3 gnolls (D:5)
  9 adders
  6 shadow imps
  An ufetubus (Sewer)
  4 worms
  A dart slug (D:1)
  49 orcs
  5 endoplasms
  4 giant cockroaches
  11 goblins
  8 hobgoblins
  10 jackals
  38 kobolds
  4 quokkas
  3 ball pythons
  14 bats
  2 frilled lizards
  A giant cockroach zombie (Sewer)
  5 rats
304 creatures vanquished.

Vanquished Creatures (collateral kills)
  A killer bee (D:9)
1 creature vanquished.

Vanquished Creatures (others)
  A kobold zombie (Sewer)
  8 fungi (D:11)
  12 plants (D:11)
21 creatures vanquished.

Grand Total: 326 creatures vanquished

Notes
Turn   | Place    | Note
-------+----------+-------------------------------------------
     0 | D:1      | themarg the Octopode Venom Mage began the quest for the
                  | Orb.
     0 | D:1      | Reached XP level 1. HP: 11/11 MP: 3/3
   243 | D:1      | Reached XP level 2. HP: 17/17 MP: 3/5
   246 | D:1      | Learned a level 2 spell: Poisonous Vapours
   710 | D:1      | Reached skill level 1 in Air Magic
   710 | D:1      | Reached XP level 3. HP: 21/21 MP: 4/6
  1230 | D:2      | Found a faded altar of an unknown god.
  1303 | D:2      | Found a basalt altar of Yredelemnul.
  1533 | D:2      | You fall into a shaft and drop 1 floor!
  1627 | D:3      | Found Uhoerae's Book Emporium.
  1745 | D:3      | Reached XP level 4. HP: 23/27 MP: 0/7
  1899 | D:3      | Identified the amulet "Ziptoici" {Spirit -Tele Rampage
                  | rElec rCorr}
  1913 | D:3      | Noticed a scorpion
  1994 | D:3      | Reached skill level 2 in Air Magic
  3106 | D:3      | Killed a scorpion
  3107 | D:3      | Reached XP level 5. HP: 22/31 MP: 1/9
  3651 | D:3      | Reached skill level 1 in Conjurations
  3651 | D:3      | Reached skill level 5 in Poison Magic
  3651 | D:3      | Reached XP level 6. HP: 33/36 MP: 7/10
  3723 | D:4      | Noticed Sigmund
  3813 | D:4      | Reached skill level 5 in Stealth
  4138 | D:4      | Learned a level 3 spell: Mephitic Cloud
  4341 | D:4      | Reached skill level 1 in Fighting
  4631 | D:4      | Killed Sigmund
  4632 | D:4      | Reached XP level 7. HP: 35/45 MP: 5/11
  4703 | D:5      | Entered Level 5 of the Dungeon
  4842 | D:5      | Reached skill level 3 in Air Magic
  4864 | D:5      | Found a white marble altar of Elyvilon.
  4887 | D:5      | Found a runed translucent gate.
  4887 | D:5      | Found a runed translucent gate.
  4888 | D:5      | Noticed SpyderV's ghost (novice MiFi)
  4890 | D:5      | Found a runed translucent gate.
  4901 | D:5      | Noticed a steam dragon
  4940 | D:5      | Found a sparkling altar of Nemelex Xobeh.
  4940 | D:5      | Found a shimmering blue altar of Sif Muna.
  4945 | D:5      | Became a worshipper of Sif Muna the Loreminder
  5109 | D:5      | Reached XP level 8. HP: 51/54 MP: 2/12
  5220 | D:5      | Found Qosenon's Book Shop.
  5478 | D:5      | Found a glowing golden altar of the Shining One.
  5487 | D:5      | Found a blossoming altar of Fedhas.
  5489 | D:5      | Found a hazy altar of Hepliaklqana.
  5490 | D:5      | Found a bloodstained altar of Trog.
  5518 | D:5      | Reached skill level 5 in Fighting
  5617 | D:5      | Reached skill level 5 in Dodging
  5984 | D:6      | Found a glowing drain.
  5999 | Sewer    | Entered a sewer
  6214 | Sewer    | Reached * piety under Sif Muna
  6390 | Sewer    | Found a burning altar of Makhleb.
  6575 | Sewer    | Reached skill level 5 in Spellcasting
  6575 | Sewer    | Reached skill level 1 in Invocations
  6747 | Sewer    | Reached XP level 9. HP: 60/61 MP: 16/16
  6751 | Sewer    | Noticed Grinder
  6881 | Sewer    | Killed Grinder
  8218 | D:7      | Reached skill level 4 in Air Magic
  8246 | D:7      | Reached ** piety under Sif Muna
  8698 | D:7      | Found an ornate altar of the Wu Jian Council.
  9007 | D:7      | Reached skill level 5 in Conjurations
  9007 | D:7      | Reached skill level 5 in Air Magic
  9007 | D:7      | Reached skill level 5 in Invocations
  9136 | D:7      | Found Bulen's Specific Store.
  9138 | D:7      | Found Usim's General Store.
  9148 | D:7      | Bought a scroll of fear for 60 gold pieces
  9303 | D:8      | Reached skill level 1 in Short Blades
  9454 | D:8      | Noticed a hornet
  9465 | D:8      | Killed a hornet
  9557 | D:8      | Found a snail-covered altar of Cheibriados.
  9674 | D:7      | Reached XP level 10. HP: 63/66 MP: 10/19
 10462 | D:8      | Found an ancient bone altar of Kikubaaqudgha.
 10462 | D:8      | Found a broken altar of Ashenzari.
 10733 | D:6      | Learned a level 4 spell: Olgreb's Toxic Radiance
 11897 | D:4      | Noticed Pikel
 11920 | D:4      | Killed Pikel
 11997 | D:4      | Found a staircase to the Ecumenical Temple.
 12137 | D:9      | Found Vyhot's Jewellery Shoppe.
 12175 | D:9      | Noticed a two-headed ogre
 12186 | D:9      | HP: 3/66 [two-headed ogre/+0 giant club (23)]
 12189 | D:9      | HP: 1/66 [goblin/+0 spear (2)]
 12441 | D:9      | Killed a two-headed ogre
 12442 | D:9      | Reached skill level 6 in Air Magic
 12448 | D:9      | Reached *** piety under Sif Muna
 12476 | D:9      | Found a flagged portal.
 12485 | Bailey   | Entered a bailey
 12664 | Bailey   | Noticed an orc knight
 13211 | Bailey   | Killed an orc knight
 13212 | Bailey   | Reached XP level 11. HP: 74/74 MP: 13/21
 13218 | Bailey   | Learned a level 5 spell: Arcjolt
 13748 | D:9      | Bought the amulet "Xoror" {Spirit Regen+ Int+3 Stlth+} for
                  | 461 gold pieces
 14086 | D:9      | Found a burning altar of Makhleb.
 14152 | D:9      | Found a staircase to the Orcish Mines.
 14409 | D:10     | Entered Level 10 of the Dungeon
 14412 | D:10     | Noticed a two-headed ogre
 14571 | D:10     | Learned a level 5 spell: Lightning Bolt
 14929 | D:10     | Killed a two-headed ogre
 14930 | D:10     | Reached skill level 7 in Air Magic
 15053 | D:10     | Noticed Grum
 15068 | D:10     | Killed Grum
 15068 | D:10     | Reached **** piety under Sif Muna
 15274 | D:10     | Found an opulent altar of Gozag.
 15336 | D:10     | Identified the +2 leather armour of Zin's Inspiration
                  | {rElec}
 15994 | D:11     | Noticed a two-headed ogre
 16006 | D:11     | Reached skill level 8 in Air Magic
 16012 | D:11     | Killed a two-headed ogre
 16207 | D:10     | HP: 3/75 [slime creature (8)]
 16208 | D:10     | Mangled by a slime creature

Illustrated notes

Levels and vault maps discovered:
D:1:      shiori_arrival_oz, layout_loops_ring, minmay_split_cup_small
D:2:      layout_basic, basic_altar, hellmonk_ecumenical_altar_heavens_door
D:3:      layout_loops_ring, serial_shops, shop, palyth_stone_intersect,
          chequers_arboretum, amcnicky_mini_rare_corridor_liquid,
          grunt_ministairs_6, minmay_distorted
D:4:      layout_rooms, minmay_temple_entry_nine_rooms, uniq_pikel, uniq_sigmund
D:5:      layout_basic, minitemple, mainiacjoe_overflow_24_doors,
          gammafunk_temple_overflow_statue, serial_shops, kennysheep_mini_moat,
          gammafunk_ghost_split, minmay_manual_mares
D:6:      layout_basic, cheibrodos_sewer_entry_drain
D:7:      layout_loops_ring, mainiacjoe_overflow_paths, nicolae_specific_store
D:8:      layout_rooms, mainiacjoe_overflow_surrounded_room,
          mainiacjoe_overflow_divided_tiny
D:9:      layout_loops_cross, bloody_makhleb, orc_0_dummy, serial_shops, shop,
          enter_bailey_5
D:10:     layout_rooms, amcnicky_altar_gilded, uniq_grum
D:11:     layout_roguey, grunt_lair_entry_orc_guard_hut, serial_shops, shop,
          minivault_8, uniq_snorg, uniq_josephine

Skill      XL: |  1  2  3  4  5  6  7  8  9 10 11 |
---------------+----------------------------------+-----
Stealth        | 3 4 5 |  5.0
Poison Magic   | 4 5 6 7 |  7.0
Air Magic      | 1 2 3 5 6 8 |  8.7
Spellcasting   | 3 5 6 7 |  7.0
Transmutations | 2 |  2.0
Conjurations   | 1 3 5 6 7 |  7.0
Fighting       | 2 4 5 6 7 |  7.0
Dodging        | 3 5 7 |  7.0
Invocations    | 2 5 |  5.0
Short Blades   | 2 |  2.0
Evocations     | 2 |  2.0

Action                     |  1- 3 |  4- 6 |  7- 9 | 10-12 || total
---------------------------+-------+-------+-------+-------++-------
  Melee: Short sword       |    31 |    10 |       |       ||    41
         Constrict         |    11 |    17 |    49 |    41 ||   118
         Tentacles         |    10 |    19 |    57 |    49 ||   135
         Dagger            |       |    63 |   253 |   189 ||   505
         Punch             |       |       |     3 |     4 ||     7
  Throw: Dart              |       |       |       |     1 ||     1
   Cast: Sting             |    41 |    46 |    37 |    15 ||   139
         Poisonous Vapours |     4 |    45 |    56 |    73 ||   178
         Mephitic Cloud    |       |     1 |    39 |    31 ||    71
         Lightning Bolt    |       |       |       |    15 ||    15
         Arcjolt           |       |       |       |    13 ||    13
         Olgreb's Toxic Ra |       |       |       |     6 ||     6
 Invoke: Channel Magic     |       |       |       |     1 ||     1
  Evoke: Wand              |       |       |       |    21 ||    21
    Use: Potion            |       |     2 |     1 |     1 ||     4
         Scroll            |       |     7 |     1 |     6 ||    14
   Stab: Sleeping          |     1 |     2 |     3 |       ||     6
         Confused          |       |       |     8 |     7 ||    15
         Distracted        |       |       |     1 |     1 ||     2
 Armour: Skin              |     2 |    21 |    57 |    27 ||   107
  Dodge: Dodged            |    25 |    43 |   124 |   145 ||   337
  Block: Other             |       |       |    57 |    38 ||    95
         Reflection        |       |       |     2 |     2 ||     4

Table legend: (Time is in decaauts)
 A = Elapsed time spent in this place.
 B = Non-inter-level travel time spent in this place.
 C = Inter-level travel time spent in this place.
 D = Time resting spent in this place.
 E = Time spent auto-exploring this place.
 F = Levels seen in this place.
 G = Mean time per level.
                   A        B        C        D        E       F      G
               +--------+--------+--------+--------+--------+-----+--------+
         Total |  16206 |  15505 |    701 |   3692 |   8391 |  13 | 1246.6 |
       Dungeon |  14181 |  13480 |    701 |   2757 |   8056 |  11 | 1289.2 |
         Sewer |   1172 |   1172 |      0 |    516 |    300 |   1 | 1172.0 |
        Bailey |    852 |    852 |      0 |    419 |     35 |   1 |  852.0 |
               +--------+--------+--------+--------+--------+-----+--------+

Top non-repeatable levels by time:
     D:6: 2102 daAuts
     D:3: 1740 daAuts
     D:7: 1555 daAuts
     D:4: 1445 daAuts
    D:10: 1395 daAuts
     D:8: 1357 daAuts
     D:9: 1314 daAuts
   Sewer: 1172 daAuts
     D:5: 1171 daAuts
     D:2: 1035 daAuts
     D:1: 975 daAuts
  Bailey: 852 daAuts
    D:11: 88 daAuts
